 Dungeon Crawl Stone Soup version 0.28.0 (webtiles) character file.

Game seed: 6555415096821093603

65 funkygono the Firebug (level 4, -4/24 HPs)
             Began as a Gargoyle Fire Elementalist on Feb 14, 2022.
             Killed by divine providence
             ... invoked by an orc priest
              (10 damage)
             ... on level 3 of the Dungeon.
             The game lasted 00:03:01 (2774 turns).

funkygono the Firebug (Gargoyle Fire Elementalist)  Turns: 2774, Time: 00:03:01

Health: -4/24      AC:  5    Str: 12    XL:     4   Next: 13%
Magic:  0/8        EV: 12    Int: 17    God:
Gold:   67         SH:  0    Dex: 10    Spells: 5/8 levels left

rFire   . . .      SeeInvis .   j - +0 whip
rCold   . . .      Faith    .   (no shield)
rNeg    + . .      Spirit   .   a - +0 robe
rPois   ∞          Reflect  .   (no helmet)
rElec   +          Harm     .   (no cloak)
rCorr   .          Rampage  .   (no gloves)
Will    .....                   (no boots)
Stlth   ++........              (no amulet)
HPRegen 0.08/turn               (no ring)
MPRegen 0.11/turn               (no ring)

@: very slightly contaminated
A: sickness immunity, AC +3, negative energy resistance 1, electricity
resistance, torment resistance 1, petrification resistance
a: no special abilities


You were on level 3 of the Dungeon.
You visited 1 branch of the dungeon, and saw 3 of its levels.

You collected 67 gold pieces.

Inventory:

Hand Weapons
 j - a +0 whip (weapon)
Missiles
 e - 113 stones
Armour
 a - a +0 robe (worn)
 f - a +0 leather armour
Jewellery
 l - a ring of protection from fire
Scrolls
 b - a scroll of identify {unknown}
 g - a scroll of fear {unknown}
 h - a scroll of acquirement {unknown}
 m - a scroll of noise {unknown}
 n - 4 scrolls of blinking {unknown}
 p - a scroll of vulnerability {unknown}
 q - a scroll of immolation {unknown}
Potions
 c - a potion of berserk rage {unknown}
 d - a potion of might {unknown}
 i - a potion of haste {unknown}
 k - 3 potions of mutation {unknown}
 o - a potion of heal wounds {unknown}


   Skills:
 + Level 1.6 Dodging
 - Level 2.1 Stealth
 * Level 2.9 Spellcasting
 * Level 1.9 Conjurations
 * Level 3.8 Fire Magic


You had 5 spell levels left.
You knew the following spells:

 Your Spells              Type           Power      Damage    Failure   Level
a - Foxfire               Conj/Fire      48%        2x1d6     5%          1
b - Scorch                Fire           30%        2d7       5%          2

Your spell library contained the following spells:

 Spells                   Type           Power      Damage    Failure   Level
 Conjure Flame            Conj/Fire      12%        6-21      16%         3
 Animate Skeleton         Necr           4%         N/A       19%         1
 Beastly Appendage        Tmut           4%         N/A       19%         1
 Pain                     Necr           8%         1d4       19%         1
 Inner Flame              Hex/Fire       9%         N/A       24%         3
 Wereblood                Tmut           2%         N/A       26%         2
 Call Canine Familiar     Summ           2%         N/A       47%         3
 Portal Projectile        Hex/Tloc       4%         N/A       47%         3
 Spider Form              Tmut/Pois      2%         N/A       47%         3
 Vampiric Draining        Necr           2%         2d6       47%         3
 Flame Wave               Conj/Fire      12%        2d6       47%         4
 Leda's Liquefaction      Hex/Erth       1%         N/A       87%         4


Dungeon Overview and Level Annotations

Branches:
Dungeon (3/15)

Altars:

Shops:
D:1 =


Innate Abilities, Weirdness & Mutations

You are immune to sickness and miasma.
Your stone body is resilient. (AC +3)
You are immune to poison.
You resist negative energy. (rN+)
You are resistant to electric shocks. (rElec)
You are resistant to unholy torment.
You are immune to petrification.


Message History

The orc wizard is heavily wounded.
The foxfire hits the orc wizard.
The orc wizard is severely wounded.
An adder comes into view.
The orc wizard gestures at you while chanting.
The magic dart hits you!
A goblin comes into view. It is wielding a +0 dagger.
The orc priest casts a cantrip, but nothing happens.
Casting: Foxfire (safe; 5% risk of failure)
Confirm with . or Enter, or press ? or * to list all spells.
You conjure some foxfire!
The foxfire hits the orc wizard.
The orc wizard is almost dead.
The foxfire hits the orc wizard.
The orc wizard is almost dead.
The orc wizard gestures at you while chanting.
You resist with some effort.
The orc priest calls upon Beogh to heal the orc wizard.
The orc wizard is healed somewhat.
Casting: Foxfire (safe; 5% risk of failure)
Confirm with . or Enter, or press ? or * to list all spells.
You conjure some foxfire!
The foxfire hits the orc wizard.
The orc wizard is almost dead.
The foxfire hits the orc wizard but does no damage.
The orc wizard is almost dead.
The foxfire hits the orc.
The orc is heavily wounded.
The orc wizard hits you with a +0 dagger.
The orc priest barely misses you.
The orc priest hits you from afar with a +0 trident.
Casting: Foxfire (safe; 5% risk of failure)
Confirm with . or Enter, or press ? or * to list all spells.
You miscast Foxfire.
You are very lightly contaminated with residual magic.
Nothing appears to happen.
The foxfire hits the orc wizard.
You kill the orc wizard!
The orc priest hits you with a +0 hand axe.
* * * LOW HITPOINT WARNING * * *
The orc priest mumbles some strange prayers to Beogh against you.
Beogh smites you!
You die...

.............#......# #...# #
.............#......# #...#######
.............#......###..........
.............##......##...######.
.......).....##......###### #.
.............##......# #.
..........##.##......# #.
##........##.##§§....# ..
#........##.##.@....## #.
#........##...o)o...... ..
..........######So.##### ##
..........# #g..# #. .........#
#)..# ####. ..### #.... ..# #....
..# #.... .# #....


You could see 2 orc priests, an adder, an orc and a goblin.

Vanquished Creatures
  An orc wizard (D:3)
  2 adders
  A dart slug (D:1)
  An orc (D:3)
  2 ball pythons
  5 endoplasms
  2 giant cockroaches
  6 goblins
  A hobgoblin (D:2)
  3 kobolds
  3 quokkas
  4 bats
  7 frilled lizards
  5 rats
43 creatures vanquished.

Vanquished Creatures (others)
  105 foxfires
105 creatures vanquished.

Grand Total: 148 creatures vanquished

Notes
Turn   | Place    | Note
-------+----------+-------------------------------------------
     0 | D:1      | funkygono the Gargoyle Fire Elementalist began the quest
                  | for the Orb.
     0 | D:1      | Reached XP level 1. HP: 10/10 MP: 3/3
    39 | D:1      | Found Pikyss's Jewellery Emporium.
   197 | D:1      | Reached XP level 2. HP: 11/15 MP: 0/5
   200 | D:1      | Learned a level 2 spell: Scorch
  1056 | D:1      | You fall into a shaft and drop 1 floor!
  1059 | D:2      | Reached XP level 3. HP: 19/19 MP: 3/6
  1156 | D:2      | Found a faded altar of an unknown god.
  2518 | D:3      | Reached XP level 4. HP: 24/24 MP: 4/8
  2774 | D:3      | Killed from afar by an orc priest

Illustrated notes

Levels and vault maps discovered:
D:1:      evilmike_arrival_crescent, layout_loops_ring, serial_shops, shop,
          minmay_tromino_v2
D:2:      layout_loops_ring, ebering_ecumenical_altar_mist, grunt_ministairs_9
D:3:      layout_basic, amcnicky_mini_rare_corridor_liquid

Action                   |  1- 3 |  4- 6 || total
-------------------------+-------+-------++-------
Melee: Unarmed           |     5 |       ||     5
 Cast: Foxfire           |    56 |    11 ||    67
       Scorch            |     6 |       ||     6
Armor: Robe              |     8 |       ||     8
Dodge: Dodged            |    21 |     1 ||    22
